 Dungeon Crawl Stone Soup version 0.30.1-11-g7821555f0a (webtiles) character file.

Game seed: 16805888419684259818

448 Wiggles the Chopper (level 6, -2/55 HPs)
             Began as a Minotaur Berserker on Oct 30, 2023.
             Was a Priest of Trog.
             Slain by a gnoll sergeant
             ... wielding a +0 spear
              (10 damage)
             ... on level 5 of the Dungeon.
             The game lasted 00:05:44 (3501 turns).

Wiggles the Chopper (Minotaur Berserker)            Turns: 3501, Time: 00:05:44

Health: -2/55      AC: 13    Str: 23    XL:     6   Next: 73%
Magic:  5/5        EV:  6    Int:  4    God:    Trog [***...]
Gold:   209        SH: 11    Dex: 10    Spells: 5/5 levels left

rFire   . . .        a - +0 hand axe
rCold   . . .        o - +0 tower shield
rNeg    . . .        h - +0 chain mail "Metah" {*Corrode +Inv rElec SInv}
rPois   .            k - +1 hat
rElec   +            y - +2 cloak
rCorr   .            (no gloves)
SInv    +            (no boots)
Will    .....        (no amulet) Stlth
                     (no ring)
HPRegen 0.29/turn    (no ring)
MPRegen 0.09/turn

%: corrode self (3%)
@: no status effects
A: horns 2, retaliatory headbutt
a: Renounce Religion, Evoke Invisibility, Berserk, Trog's Hand


You were on level 5 of the Dungeon.
You worshipped Trog.
Trog was most pleased with you.
You visited 1 branch of the dungeon, and saw 5 of its levels.

You collected 209 gold pieces.

Inventory:

Hand Weapons
 a - a +0 hand axe (weapon)
Armour
 h - the +0 chain mail "Metah" (worn) {*Corrode +Inv rElec SInv}
   (You found it on level 5 of the Dungeon)

   rElec:     It insulates you from electricity.
   SInv:      It lets you see invisible.
   +Inv:      It lets you turn invisible.
   *Corrode:  It may corrode you when you take damage.
 k - a +1 hat (worn)
 o - a +0 tower shield (worn)
 y - a +2 cloak (worn)
Jewellery
 f - a ring of magical power
 p - a ring of fire
Wands
 u - a wand of mindburst (23)
 v - a wand of paralysis (11)
 z - a wand of polymorph (11)
Scrolls
 b - 3 scrolls of noise {unknown}
 d - 7 scrolls of identify {unknown}
 e - a scroll of brand weapon {unknown}
 j - a scroll of immolation {unknown}
 l - a scroll of enchant armour {unknown}
 m - a scroll of magic mapping {unknown}
 q - a scroll of blinking {unknown}
 s - a scroll of summoning {unknown}
 x - a scroll of teleportation {unknown}
 B - a scroll of silence {unknown}
Potions
 c - 3 potions of curing {unknown}
 g - 2 potions of heal wounds
 i - 2 potions of mutation {unknown}
 n - a potion of lignification {unknown}
 r - 2 potions of brilliance {unknown}
 t - a potion of flight {unknown}
 w - a potion of attraction {unknown}
 A - a potion of berserk rage {unknown}
 C - a potion of degeneration {unknown}


   Skills:
 + Level 4.8 Fighting
 + Level 5.8 Axes
 + Level 4.0 Armour
 + Level 3.6 Dodging
 + Level 1.1 Stealth
 + Level 3.5 Shields


You had 5 spell levels left.
You didn't know any spells.
Your spell library was empty.

Dungeon Overview and Level Annotations

Branches:
Dungeon (5/15)             Temple (0/1) D:4

Altars:
Kikubaaqudgha
Okawaru

Shops:
D:2 ?   D:4 :!   D:5 :


Innate Abilities, Weirdness & Mutations

You have a pair of horns on your head.
You reflexively headbutt those who attack you in melee.


Message History

The wolf bites you. You block the wolf's attack.
There is a large open door here.
You block the wolf's attack. The wolf bites you.
You block the gnoll sergeant's attack.
You hit the gnoll sergeant but do no damage.
You headbutt the gnoll sergeant.
The gnoll sergeant is lightly wounded.
You hit the wolf. The wolf bites you but does no damage.
The wolf barely misses you. You block the gnoll sergeant's attack.
You hit the gnoll sergeant.
The gnoll sergeant is moderately wounded.
You barely miss the wolf. The wolf bites you but does no damage.
The gnoll sergeant hits you with a +0 spear.
The wolf bites you.
You hit the gnoll sergeant.
Your headbutt misses the gnoll sergeant.
The gnoll sergeant is moderately wounded.
You closely miss the wolf. You block the wolf's attack.
The gnoll sergeant hits you but does no damage.
The wolf closely misses you.
You hit the gnoll sergeant.
The gnoll sergeant is heavily wounded.
You closely miss the wolf. You block the wolf's attack.
The gnoll sergeant hits you with a +0 spear.
* * * LOW HITPOINT WARNING * * *
You block the wolf's attack.
The gnoll sergeant hits you with a +0 spear.
* * * LOW HITPOINT WARNING * * *
You completely miss the gnoll sergeant.
The gnoll sergeant is heavily wounded.
You miss the wolf. The wolf barely misses you.
The wolf bites you but does no damage.
The gnoll sergeant hits you but does no damage.
The wolf bites you.
* * * LOW HITPOINT WARNING * * *
You hit the gnoll sergeant but do no damage.
The gnoll sergeant is heavily wounded.
You barely miss the wolf. The wolf barely misses you.
The gnoll sergeant hits you with a +0 spear!
You die...

#..............#.
##########......##........
#............./..#......<.
#...............##........
#....#####.......#........
##..## ####.....##.###....
#.## #.⌠#))...####......
#.###+#.h#...........###.
#.##...g@'...........# #.
#.##.....'...........# #.
#.##.....#...........# #.
#..#######........... ..
#...#####.........#.# ..
#............##.#...# ..
###...#########.#...## ##
###...##.## #......###.
###.....###........#.


You could see a gnoll sergeant and a wolf.

Vanquished Creatures
  A scorpion (D:5)
  A howler monkey (D:4)
  Crazy Yiuf (D:4)
  A gnoll bouda (D:5)
  A hound (D:4)
  An orc priest (D:5)
  An iguana (D:4)
  An orc wizard (D:5)
  Robin (D:4)
  5 gnolls (D:5)
  3 adders
  An ufetubus (D:4)
  A worm (D:4)
  3 dart slugs
  2 orcs (D:5)
  9 endoplasms
  4 giant cockroaches
  14 goblins
  5 hobgoblins
  3 jackals (D:2)
  3 quokkas
  8 ball pythons
  8 bats
  4 frilled lizards
  4 kobolds
  5 rats
91 creatures vanquished.

Notes
Turn   | Place    | Note
-------+----------+-------------------------------------------
     0 | D:1      | Wiggles the Minotaur Berserker began the quest for the Orb.
     0 | D:1      | Reached XP level 1. HP: 19/19 MP: 0/0
   172 | D:1      | Reached XP level 2. HP: 26/27 MP: 1/1
   218 | D:1      | Reached skill level 4 in Axes
   231 | D:1      | Found a faded altar of an unknown god.
   708 | D:2      | Reached XP level 3. HP: 25/33 MP: 2/2
   901 | D:2      | Found Coskif's Magic Scroll Boutique.
   961 | D:2      | Reached ** piety under Trog
  1032 | D:2      | You fall into a shaft and drop 1 floor!
  1878 | D:3      | Reached XP level 4. HP: 8/41 MP: 3/3
  2218 | D:4      | Reached skill level 5 in Axes
  2218 | D:4      | Reached skill level 1 in Shields
  2249 | D:4      | Found a staircase to the Ecumenical Temple.
  2443 | D:4      | Found Akighiv's Book Boutique.
  2610 | D:4      | Found Jevirus's Distillery.
  2638 | D:4      | Found a runed translucent door.
  2639 | D:4      | Noticed Crazy Yiuf
  2704 | D:4      | Killed Crazy Yiuf
  2705 | D:4      | Reached XP level 5. HP: 26/47 MP: 4/4
  2850 | D:4      | Noticed Robin
  2891 | D:4      | Killed Robin
  3187 | D:5      | Entered Level 5 of the Dungeon
  3195 | D:5      | Identified the +0 chain mail "Metah" {*Corrode +Inv rElec
                  | SInv}
  3215 | D:5      | Reached XP level 6. HP: 43/53 MP: 5/5
  3316 | D:5      | Found Pitoam's Book Boutique.
  3322 | D:5      | Reached skill level 1 in Stealth
  3326 | D:5      | Reached *** piety under Trog
  3356 | D:5      | Found an ancient bone altar of Kikubaaqudgha.
  3387 | D:5      | Found an iron altar of Okawaru.
  3501 | D:5      | Slain by a gnoll sergeant

Illustrated notes

Levels and vault maps discovered:
D:1:      onia_arrival_mini_spirals, layout_basic,
          shapermc_ecumenical_altar_flowoftime, kennysheep_decorative_pillar,
          minmay_tree_intersection
D:2:      layout_basic, serial_shops, shop
D:3:      layout_rooms
D:4:      layout_loops_ring, minmay_temple_entry_glass, serial_shops, shop,
          minmay_misc_feat_pillars, small_statue_intersection,
          kennysheep_windowed_goal, uniq_robin, uniq_crazy_yiuf_cottage
D:5:      layout_cave_pools, lemuel_round_altar, okawaru_metal_pillars_1_2,
          serial_gnoll_camp, gnoll_camp_medium_01, gnoll_camp_medium_02,
          gnoll_camp_mini_shop, gnoll_camp_mini_hut, gnoll_camp_mini_house,
          chequers_avenue

Skill      XL: |  1  2  3  4  5  6 |
---------------+-------------------+-----
Axes           | 4 5 |  5.8
Fighting       | 4 |  4.8
Dodging        | 3 |  3.6
Shields        | 1 2 3 |  3.5
Armour         | 3 4 |  4.0
Stealth        | 1 |  1.1

Action                     |  1- 3 |  4- 6 || total
---------------------------+-------+-------++-------
  Melee: Hand axe          |   116 |   116 ||   232
         Headbutt          |    15 |    21 ||    36
         Punch             |     1 |       ||     1
 Invoke: Berserk           |       |     1 ||     1
    Use: Potion            |       |     1 ||     1
   Stab: Sleeping          |     1 |       ||     1
 Armour: Animal skin       |    23 |       ||    23
         Leather armour    |    17 |       ||    17
         Scale mail        |    11 |    44 ||    55
         Chain mail        |       |    19 ||    19
  Dodge: Dodged            |    72 |    40 ||   112
  Block: Tower shield      |    27 |    85 ||   112
